AoeStats
← jonafaca

MegaRandom

510545413Analyzed
2v2 RM · 2d ago on Oct 1, 2026· 42m 47s· 4 players
Game mode
Random Map
Map size
Medium (4 player)
Population
200
Speed
Normal
Resources
Standard
Victory
Conquest
Starting age
Dark Age
Ending age
Imperial Age
RankedLock teamsTeams togetherTeam positionsShared explorationLock speedFull tech treeHidden civsTurbo modeCheats
Victory
Defeat
🇩🇪 Romans · Germany
992
+13
🇹🇷 Chinese · Türkiye
967
+14
🇦🇷 Bulgarians · Argentina
958
-14
🇦🇷 Bulgarians · Argentina
913
-37
ezerrbey
0:26 Loom
12:22 Feudal Age
13:19 Double-Bit Axe
20:26 Castle Age
19:17 Fletching
19:31 Stone Mining
21:18 Crossbowman
22:19 Bodkin Arrow
27:47 Ballistics
28:39 Coinage
28:09 Caravan
28:52 Gold Mining
34:47 Horse Collar
35:18 Bow Saw
35:19 Great Wall
36:02 Coinage
38:46 Imperial Age
37:37 Scale Mail Armor
40:37 Chemistry
41:35 Conscription
NiTiJo
8:38 Loom
11:19 Feudal Age
11:40 Horse Collar
11:50 Double-Bit Axe
17:38 Castle Age
18:35 Heavy Plow
19:13 Wheelbarrow
18:59 Bow Saw
19:33 Wheelbarrow
19:32 Town Watch
20:25 Stone Mining
20:25 Gold Mining
20:34 Gold Mining
22:20 Hand Cart
24:35 Gold Shaft Mining
28:56 Town Patrol
31:36 Ballistics
32:06 Scale Mail Armor
32:17 Forging
32:34 Squires
31:54 Pikeman
35:28 Imperial Age
33:17 Chain Mail Armor
34:29 Iron Casting
37:11 Blast Furnace
35:33 Halberdier
36:49 Crop Rotation
37:01 Siege Engineers
37:49 Heavy Scorpion
40:04 Ballistas
40:20 Conscription
41:52 Conscription
42:33 Conscription
jonafaca
12:52 Feudal Age
12:22 Loom
21:56 Castle Age
23:22 Horse Collar
23:31 Double-Bit Axe
23:40 Gold Mining
25:47 Forging
25:44 Scale Barding Armor
26:50 Scale Mail Armor
29:38 Chain Barding Armor
29:55 Iron Casting
31:31 Wheelbarrow
34:49 Gambesons
36:53 Stirrups
39:40 Husbandry
39:51 Bloodlines
^PenXpro_iWnL_^
13:23 Feudal Age
14:23 Double-Bit Axe
18:41 Castle Age
22:34 Scale Barding Armor
26:55 Horse Collar
27:26 Forging
27:51 Heavy Plow
28:25 Bow Saw
30:51 Iron Casting
35:30 Imperial Age
35:50 Chain Barding Armor
35:33 Scale Mail Armor
35:25 Fletching
36:43 Gold Mining
36:43 Stone Mining
38:41 Blast Furnace
38:16 Plate Barding Armor
39:02 Elite Konnik
40:46 Stirrups
Connection lost

Rejoining the realm…

Still unreachable

The connection could not be restored.

Session expired

The server has moved on; the page needs a fresh start.